 Dungeon Crawl Stone Soup version 0.29.1-1-gd02db6906a (webtiles) character file.

Game seed: 393642922016595843

14812 LabCoat the Fighter (level 12, -5/112 HPs)
             Began as a Hill Orc Fighter on Oct 12, 2022.
             Was an Elder of Trog.
             Slain by a blink frog (12 damage)
             ... on level 1 of the Lair of Beasts.
             The game lasted 00:48:24 (12293 turns).

LabCoat the Fighter (Hill Orc Fighter)             Turns: 12293, Time: 00:48:25

Health: -5/112     AC: 16    Str: 24    XL:     12   Next: 20%
Magic:  12/12      EV: 12    Int:  8    God:    Trog [****..]
Gold:   513        SH:  5    Dex: 10    Spells: 11/11 levels left

rFire   . . .      SeeInvis .   J - +1 battleaxe (elec)
rCold   . . .      Faith    .   (shield currently unavailable)
rNeg    . . .      Spirit   .   s - +0 plate armour
rPois   .          Reflect  +   g - +0 helmet
rElec   .          Harm     .   (no cloak)
rCorr   .          Rampage  .   p - +0 pair of gloves
Will    ++...                   (no boots)
Stlth   ..........              E - amulet of reflection
HPRegen 1.28/turn               h - +4 ring of evasion
MPRegen 0.13/turn               (no ring)

@: strong-willed, regenerating, invisible
A: no striking features
a: Renounce Religion, Berserk, Trog's Hand, Brothers in Arms


You were on level 1 of the Lair of Beasts.
You worshipped Trog.
Trog was greatly pleased with you.
You visited 3 branches of the dungeon, and saw 12 of its levels.

You collected 843 gold pieces.
You spent 330 gold pieces at shops.

Inventory:

Hand Weapons
 a - a +1 war axe of electrocution
 b - a +0 morningstar
 J - a +1 battleaxe of electrocution (weapon)
Missiles
 d - a curare-tipped dart
 t - 4 boomerangs (quivered)
 I - 11 poisoned darts
 L - 2 silver javelins
Armour
 g - a +0 helmet (worn)
 p - a +0 pair of gloves (worn)
 s - a +0 plate armour (worn)
 y - the +0 buckler of the Ego {rElec rC+ Will+ Dex-2}
   (You found it on level 4 of the Dungeon)

   Dex:       It affects your dexterity (-2).
   rC:        It protects you from cold.
   rElec:     It insulates you from electricity.
   Will:      It increases your willpower.
Jewellery
 h - a +4 ring of evasion (left hand)
 D - an amulet of faith
 E - an amulet of reflection (around neck)
 F - the ring "Olinajog" {Drain rElec rN+++ Will+ SInv}
   (You found it on level 10 of the Dungeon)

   [ring of willpower]

   rElec:     It insulates you from electricity.
   rN:        It renders you almost immune to negative energy.
   SInv:      It lets you see invisible.
   Drain:     It drains your maximum health when unequipped.
   Will:      It increases your willpower.
Wands
 o - a wand of digging (10)
 K - a wand of polymorph (4)
Scrolls
 c - a scroll of silence
 e - a scroll of butterflies
 i - 2 scrolls of magic mapping
 j - 2 scrolls of vulnerability {unknown}
 l - a scroll of summoning {unknown}
 r - 2 scrolls of enchant weapon {unknown}
 u - 3 scrolls of immolation {unknown}
 v - a scroll of blinking {unknown}
 x - 4 scrolls of teleportation
 A - 3 scrolls of fear {unknown}
 C - a scroll of noise {unknown}
 G - a scroll of brand weapon {unknown}
 M - a scroll of poison {unknown}
Potions
 k - 2 potions of might
 m - a potion of flight
 n - a potion of invisibility
 w - 2 potions of attraction
 z - 3 potions of brilliance
 B - a potion of magic {unknown}


   Skills:
 * Level 11.9 Fighting
 + Level 10.9 Axes
 + Level 5.9 Throwing
 + Level 8.1 Armour
 * Level 5.8 Dodging
 + Level 8.1 Shields
 + Level 6.4 Evocations


You had 11 spell levels left.
You didn't know any spells.
Your spell library contained the following spells:

 Spells                   Type           Power      Damage    Failure   Level
 Apportation              Tloc           0%         N/A       99%         1
 Blink                    Tloc           0%         N/A       100%        2
 Scorch                   Fire           0%         2d5       100%        2
 Static Discharge         Conj/Air       0%         3-3/arc   100%        2
 Sublimation of Blood     Necr           0%         N/A       100%        2
 Wereblood                Tmut           0%         N/A       100%        2
 Frozen Ramparts          Ice            0%         1d1       100%        3
 Gell's Gravitas          Tloc           0%         N/A       100%        3
 Lesser Beckoning         Tloc           0%         N/A       100%        3
 Teleport Other           Tloc           0%         N/A       100%        3
 Dispel Undead            Necr           0%         3d6       100%        4
 Ice Form                 Ice/Tmut       0%         N/A       100%        4
 Petrify                  Tmut/Erth      0%         N/A       100%        4
 Sticky Flame             Conj/Fire      0%         2d3       100%        4
 Summon Ice Beast         Ice/Summ       0%         N/A       100%        4
 Summon Lightning Spire   Summ/Air       0%         N/A       100%        4
 Alistair's Intoxication  Tmut/Pois      0%         N/A       100%        5
 Irradiate                Conj/Tmut      0%         3d11      100%        5
 Monstrous Menagerie      Summ           0%         N/A       100%        7
 Summon Hydra             Summ           0%         N/A       100%        7
 Disjunction              Tloc           0%         N/A       100%        8
 Death's Door             Necr           0%         N/A       100%        9


Dungeon Overview and Level Annotations

Branches:
Dungeon (10/15)            Temple (1/1) D:6            Lair (1/5) D:10
    Orc: D:9-12

Altars:
Ashenzari
Cheibriados
Dithmenos
Elyvilon
Fedhas
Gozag
Hepliaklqana
Kikubaaqudgha
Makhleb
Nemelex Xobeh
Okawaru
Qazlal
Ru
Sif Muna
Trog
Uskayaw
Vehumet
Wu Jian
Xom
Yredelemnul
Zin
The Shining One

Shops:
D:1 *   D:6 =   D:7 *   D:8 (


Message History

Your +0 helmet unmelds from your body.
Your +0 pair of gloves unmelds from your body.
Your +0 plate armour unmelds from your body.
The blink frog hits you but does no damage. x2
The steam dragon bites you but does no damage.
The steam dragon claws you but does no damage.
Okay, then.
You are too confused!
You fade into invisibility!
The blink frog misses you. The steam dragon barely misses you. x2
You're too confused to move!
You feel less invigorated.
You feel less confused. The blink frog closely misses you.
The steam dragon closely misses you. You block the steam dragon's attack.
The blink frog hits you!
* * * LOW HITPOINT WARNING * * *
Okay, then.
You slice the steam dragon!!
The steam dragon is almost dead.
You closely miss the blink frog. The steam dragon breathes steam at you.
The ball of steam misses you.
You hear a bellow! x2
You catch the helpless steam dragon completely off-guard!
You slash the steam dragon!
Lightning courses through the steam dragon!
You kill the steam dragon!
Trog accepts your kill.
You closely miss the blink frog.
* * * LOW HITPOINT WARNING * * *
You hear an angry hiss.
You hear a trumpeting!
The blink frog hits you.
* * * LOW HITPOINT WARNING * * *
The blink frog is engulfed in a cloud of scalding steam.
The blink frog hits you but does no damage.
You catch the helpless blink frog completely off-guard!
You hit the blink frog.
The blink frog is severely wounded.
The blink frog is engulfed in a cloud of scalding steam.
The blink frog hits you!
You die...

#..###≈≈ #...#≈≈≈~≈~.
#†.##≈≈~... #..##≈≈...
#...#≈≈.(## ###
#...#≈~..†###.##
#...#≈≈≈....#..##
#..##≈≈≈≈.F.#...##
#...#.≈≈~@.§...†.#######.#
#....##≈~.................
##....#####.###.##.........
#......# ### ###P....####.
##....## ##....# ## #....#
### #....##
##....########.###.....#
#.....................###
##...#######..........#.###


You could see a blink frog (unable to see you).

Vanquished Creatures
  A hydra (Lair:1)
  2 boulder beetles
  2 two-headed ogres (D:10)
  A lindwurm (D:10)
  5 elephants (Lair:1)
  A komodo dragon (Lair:1)
  2 trolls (D:10)
  3 blink frogs (Lair:1)
  A jumping spider (D:10)
  A shadow (D:9)
  2 wyverns (Lair:1)
  17 yaks
  2 steam dragons (Lair:1)
  2 basilisks (Lair:1)
  2 redbacks (D:10)
  Menkaure (D:6)
  6 water moccasins
  7 orc warriors
  A sky beast (D:7)
  2 black bears
  3 centaurs
  A kobold brigand (D:7)
  2 phantoms
  4 bullfrogs
  A necrophage (D:8)
  A scorpion (D:5)
  A gnoll sergeant (D:8)
  7 wights
  4 killer bees (D:10)
  4 howler monkeys (D:10)
  2 lava snakes (D:10)
  3 hounds
  2 jellies (D:7)
  9 orc priests
  2 gnoll boudas
  9 iguanas
  10 orc wizards
  12 gnolls
  8 adders
  2 shadow imps
  2 white imps
  An ufetubus (D:6)
  3 worms
  2 dart slugs
  56 orcs
  3 bats
  4 endoplasms
  A giant cockroach (D:4)
  8 goblins
  4 hobgoblins
  10 quokkas
  6 ball pythons
  5 frilled lizards
  9 kobolds
  8 rats
270 creatures vanquished.

Vanquished Creatures (others)
  A black bear (Lair:1)
  2 fungi (Lair:1)
  13 plants
16 creatures vanquished.

Grand Total: 286 creatures vanquished

Notes
Turn   | Place    | Note
-------+----------+-------------------------------------------
     0 | D:1      | LabCoat the Hill Orc Fighter began the quest for the Orb.
     0 | D:1      | Reached XP level 1. HP: 19/19 MP: 1/1
   227 | D:1      | Reached XP level 2. HP: 22/27 MP: 2/2
   560 | D:1      | Got the Tractate on the Discontinuous Blaze
   592 | D:1      | Found Pyofituf's General Store.
  1126 | D:2      | Reached skill level 4 in Fighting
  1126 | D:2      | Reached XP level 3. HP: 20/33 MP: 3/3
  1556 | D:2      | Reached skill level 1 in Evocations
  1826 | D:2      | Reached XP level 4. HP: 40/40 MP: 4/4
  2246 | D:3      | Found a glowing silver altar of Zin.
  2286 | D:3      | Found a bloodstained altar of Trog.
  2294 | D:3      | Became a worshipper of Trog the Wrathful
  2878 | D:4      | Reached skill level 1 in Throwing
  3078 | D:4      | Reached XP level 5. HP: 15/47 MP: 5/5
  3409 | D:4      | Got the Almanac of Evil and the Flock
  3476 | D:4      | Reached * piety under Trog
  3477 | D:4      | Found a hide-covered altar of Uskayaw.
  3477 | D:4      | Noticed a +0 dagger
  3477 | D:4      | Noticed a +0 dagger
  3911 | D:4      | Identified the +0 buckler of the Ego {rElec rC+ Will+
                  | Dex-2}
  4000 | D:5      | Entered Level 5 of the Dungeon
  4012 | D:5      | Reached XP level 6. HP: 49/55 MP: 6/6
  4088 | D:5      | Reached skill level 5 in Fighting
  4174 | D:5      | Reached skill level 5 in Axes
  4316 | D:5      | Noticed a water moccasin
  4323 | D:5      | Killed a water moccasin
  4378 | D:5      | Reached XP level 7. HP: 53/61 MP: 7/7
  5102 | D:5      | Reached skill level 6 in Fighting
  5176 | D:6      | Found a staircase to the Ecumenical Temple.
  5207 | Temple   | Entered the Ecumenical Temple
  5491 | D:6      | Found Xegharoa's Jewellery Shoppe.
  5500 | D:6      | Bought an amulet of reflection for 330 gold pieces
  5627 | D:6      | Reached XP level 8. HP: 70/70 MP: 8/8
  5856 | D:6      | Noticed Menkaure
  5869 | D:6      | Killed Menkaure
  6043 | D:6      | Reached skill level 5 in Shields
  6118 | D:6      | Reached skill level 5 in Armour
  6304 | D:6      | Reached skill level 7 in Fighting
  6650 | D:7      | Reached ** piety under Trog
  6696 | D:7      | Noticed a boulder beetle
  7215 | D:7      | Killed a boulder beetle
  7216 | D:7      | Reached skill level 8 in Fighting
  7216 | D:7      | Reached XP level 9. HP: 28/81 MP: 9/9
  7523 | D:7      | Identified the +3 trident of Youthful Indiscretion {vorpal,
                  | rElec rC+ Stlth+}
  7698 | D:7      | Found Diulouts's Evil Emporium.
  8367 | D:8      | Reached skill level 1 in Dodging
  8435 | D:8      | Found Pihiasch's Weapon Boutique.
  8633 | D:8      | Reached skill level 9 in Fighting
  8633 | D:8      | Reached XP level 10. HP: 84/91 MP: 10/10
  8782 | D:8      | Reached *** piety under Trog
  9462 | D:9      | Reached skill level 5 in Evocations
  9498 | D:9      | Reached **** piety under Trog
  9499 | D:9      | Reached skill level 10 in Fighting
 10164 | D:10     | Entered Level 10 of the Dungeon
 10189 | D:10     | Reached XP level 11. HP: 36/101 MP: 11/11
 10489 | D:10     | Found a staircase to the Lair.
 10531 | D:10     | Noticed a two-headed ogre
 10535 | D:10     | Noticed a two-headed ogre
 10541 | D:10     | Killed a two-headed ogre
 10542 | D:10     | Reached skill level 10 in Axes
 10542 | D:10     | Reached skill level 5 in Throwing
 10542 | D:10     | Killed a two-headed ogre
 10626 | D:10     | Found a runed translucent door.
 10671 | D:10     | Identified the +9 whip of Indomitability {pain, rElec rF-
                  | rN+ Str+2}
 10697 | D:10     | Found a runed translucent gate.
 10697 | D:10     | Found a runed translucent gate.
 10697 | D:10     | Found a runed translucent gate.
 10697 | D:10     | Found a runed translucent gate.
 10697 | D:10     | Found a runed translucent gate.
 10697 | D:10     | Found a runed translucent gate.
 10697 | D:10     | Noticed a boulder beetle
 10697 | D:10     | Noticed a lindwurm
 10819 | D:10     | Killed a boulder beetle
 10837 | D:10     | Killed a lindwurm
 10841 | D:10     | Reached skill level 11 in Fighting
 10854 | D:10     | Identified the ring "Olinajog" {Drain rElec rN+++ Will+
                  | SInv}
 11483 | Lair:1   | Entered Level 1 of the Lair of Beasts
 11488 | Lair:1   | Reached skill level 5 in Dodging
 11992 | Lair:1   | Reached XP level 12. HP: 110/110 MP: 12/12
 12200 | Lair:1   | Noticed an eight-headed hydra
 12217 | Lair:1   | Killed an eight-headed hydra
 12283 | Lair:1   | HP: 4/168 [steam dragon] (9)]
 12283 | Lair:1   | HP: 1/168 [steam dragon (2)]
 12291 | Lair:1   | HP: 5/112 [something (12)]
 12293 | Lair:1   | Slain by a blink frog

Illustrated notes

Levels and vault maps discovered:
D:1:      dpeg_arrival_snail, layout_basic, serial_shops, shop
D:2:      layout_loops_cross, kennysheep_decorative_pillar,
          nicolae_concentric_dashed_squares_wild, serial_bayou_crossing
D:3:      layout_loops_ring, overflow_temple_1_default,
          nicolae_overflow_hidden_temple
D:4:      layout_basic, dancing_weapons_uskayaw
D:5:      layout_loops_cross, kennysheep_windowed_goal
D:6:      layout_basic, minmay_temple_entry_waves, serial_shops, shop,
          kennysheep_generic_room_15, uniq_menkaure
D:7:      layout_loops_corners, nicolae_evil_shop
D:8:      layout_cave_pools, serial_shops, nicolae_shop_window_shopping,
          special_room [special_room_orc]
D:9:      layout_loops_ring, eino_small_chamber_without_monster,
          small_statue_intersection
D:10:     gammafunk_indiana_jones, layout_stronghold, dpeg_oklobed_lair
Temple:   hellmonk_temple_of_storms
Lair:1:   layout_chaotic_city, chequers_serial_rivers_room_b,
          chequers_serial_rivers_room_a, fungi_pond_lemuel, minivault_19,
          nicolae_lair_lakeside_cave, serial_bayou_shore_b, lemuel_fruit_fields

Skill      XL: |  1  2  3  4  5  6  7  8  9 10 11 12 |
---------------+-------------------------------------+-----
Axes           | 3 4 5 6 8 9 10 | 10.9
Fighting       | 4 5 6 8 9 10 11 | 11.9
Evocations     | 1 2 3 4 5 6 |  6.4
Throwing       | 1 2 3 4 5 |  5.9
Shields        | 4 5 6 7 8 |  8.1
Armour         | 4 5 6 7 8 |  8.1
Dodging        | 1 3 5 |  5.8

Action                   |  1- 3 |  4- 6 |  7- 9 | 10-12 || total
-------------------------+-------+-------+-------+-------++-------
Melee: War axe           |    92 |   196 |   247 |    23 ||   558
       Battleaxe         |       |       |       |   259 ||   259
       Morningstar       |       |       |       |     6 ||     6
Throw: Boomerang         |       |    20 |    96 |    18 ||   134
       Dart              |       |     3 |    12 |    19 ||    34
Invok: Berserk           |       |       |     4 |     3 ||     7
       Trog's Hand       |       |       |     1 |     5 ||     6
Evoke: Wand              |       |       |     9 |     8 ||    17
  Use: Scroll            |     4 |     6 |     7 |       ||    17
       Potion            |       |     3 |     8 |     8 ||    19
 Stab: Invisible         |       |       |       |     2 ||     2
Armor: Scale mail        |    33 |       |       |       ||    33
       Chain mail        |     8 |    72 |    41 |       ||   121
       Plate armour      |       |       |    36 |   166 ||   202
       Skin              |       |       |     3 |    31 ||    34
Dodge: Dodged            |    54 |    96 |   105 |   217 ||   472
Block: Buckler           |    16 |    36 |   117 |    12 ||   181
       Reflection        |       |       |    15 |       ||    15
       Other             |       |       |       |    85 ||    85
